 Dungeon Crawl Stone Soup version 0.25-a0-510-ge065f6de7d (webtiles) character file.

Game seed: 7798305233737078898, levelgen mode: deterministic

46 Eurus the Conjurer (level 3, 0/26 HPs)
             Began as a Mummy Conjurer on Feb 15, 2020.
             Slain by Sigmund
             ... wielding a +5 vorpal scythe
              (18 damage)
             ... on level 2 of the Dungeon.
             The game lasted 00:02:56 (1795 turns).

Eurus the Conjurer (Mummy Conjurer)                 Turns: 1795, Time: 00:02:56

Health: 0/26       AC:  3    Str: 11    XL:     3   Next: 44%
Magic:  6/7        EV: 12    Int: 15    God:
Gold:   30         SH:  0    Dex: 12    Spells: 5/8 levels left

rFire    x . .     SeeInvis .   b - +0 club
rCold    + . .     Gourm    .   (no shield)
rNeg     + + +     Faith    .   a - +0 robe
rPois    ∞         Spirit   .   (no helmet)
rElec    .         Reflect  .   c - +0 cloak
rCorr    .         Harm     .   (no gloves)
MR       .....                  (no boots)
Stlth    ++........             (no amulet)
HPRegen  0.08/turn              (no ring)
MPRegen  0.10/turn              (no ring)

@: no status effects
A: no food or potions, fire vulnerability, cold resistance 1, negative energy
resistance 3, torment resistance, unbreathing
a: no special abilities


You were on level 2 of the Dungeon.
You were not hungry.

You visited 1 branch of the dungeon, and saw 2 of its levels.

You collected 30 gold pieces.

Inventory:

Hand Weapons
 b - a +0 club (weapon)
Armour
 a - a +0 robe (worn)
 c - a +0 cloak (worn)
Scrolls
 d - a scroll of magic mapping {unknown}
 e - a scroll of identify {unknown}


   Skills:
 + Level 1.3 Fighting
 - Level 1.5 Dodging
 - Level 1.5 Stealth
 + Level 3.3 Spellcasting
 * Level 3.8 Conjurations


You had 5 spell levels left.
You knew the following spells:

 Your Spells              Type           Power        Failure   Level  Hunger
a - Magic Dart            Conj           ##..         4%          1    N/A
b - Searing Ray           Conj           ##....       6%          2    N/A

Your spell library contained the following spells:

 Spells                   Type           Power        Failure   Level  Hunger
 Dazzling Flash           Conj/Hex       #.....       26%         3    N/A
 Fulminant Prism          Conj/Hex       #.........   65%         4    N/A
 Iskenderun's Mystic Bla  Conj/Tloc      #.......     65%         4    N/A

Dungeon Overview and Level Annotations

Branches:
Dungeon (2/15)

Altars:

Annotations:
D:2 Sigmund


Innate Abilities, Weirdness & Mutations

You do not eat or drink.
Your flesh is vulnerable to fire.
You are immune to poison.
Your flesh is cold resistant. (rC+)
You are immune to negative energy. (rN+++)
You are immune to unholy pain and torment.
You can survive without breathing.


Message History

Casting: Searing Ray (safe; 6% risk of failure)
Confirm with . or Enter, or press ? or * to list all spells.
Aiming: Magic Dart (safe; 4% risk of failure)
Press: ? - help, Shift-Dir - straight line, f - frilled lizard
Aim: a frilled lizard The magic dart hits the frilled lizard.
You kill the frilled lizard!
A rat comes into view.
Sigmund the Dreaded comes into view.
He is wielding a +5 vorpal scythe.
Sigmund shouts!
Sigmund gestures at you while chanting. The magic dart hits you!
There is an open door here.
You see here a quarterstaff.
There is an open door here.
As you open the door, it creaks loudly! The rat misses you.
Sigmund hits you from afar with a +5 vorpal scythe!!
Ouch! That really hurt!
You die...

######.##.#.###.#.#.#.
....#...##.## #.#.#.#.
#......#.# #.#.#...
#.#...##.# #!......
#.##.###.# ###.....
#........# ####.# ####.#####
#.# ##'## #.# # ##@..##
#######.# ..# ##r....##
#.......# .#..# ##@......##
#.#.#...#
......###.........###.......#
#....†.)'.........'..........
#.....###.........####....###
#.#.# ##....[..## ##.#.# ..
##.....## ###.# # ##...## #.#


You could see Sigmund and a rat.

Vanquished Creatures
  An adder (D:2)
  An ooze (D:1)
  3 dart slugs (D:1)
  A leopard gecko (D:1)
  2 giant cockroaches
  3 goblins
  5 hobgoblins
  2 bats (D:1)
  3 frilled lizards
  3 kobolds
  A rat (D:1)
25 creatures vanquished.

Notes
Turn   | Place    | Note
-------+----------+-------------------------------------------
     0 | D:1      | Eurus the Mummy Conjurer began the quest for the Orb.
     0 | D:1      | Reached XP level 1. HP: 13/13 MP: 4/4
   436 | D:1      | Reached XP level 2. HP: 13/20 MP: 0/5
  1071 | D:1      | Reached skill level 1 in Fighting
  1075 | D:1      | Learned a level 2 spell: Searing Ray
  1243 | D:1      | Reached XP level 3. HP: 5/26 MP: 3/7
  1787 | D:2      | Noticed Sigmund
  1795 | D:2      | Slain by Sigmund

Levels and vault maps discovered:
D:1:      lightli_arrival_isolated_outpost, layout_rooms
D:2:      layout_loops_corners, uniq_sigmund

Skill      XL: |  1  2 |
---------------+-------+-----
Spellcasting   | 3 |  3.3
Fighting       | 1 |  1.3
Dodging        | |  1.5
Stealth        | |  1.5
Conjurations   | |  3.8

Action                   || total
-------------------------++-------
Melee: Unarmed           ||     4
       Club              ||    23
 Cast: Magic Dart        ||    51
       Searing Ray       ||     1
Armor: Robe              ||    17
Dodge: Dodged            ||    25

Table legend:
 A = Non-vault XP
 B = Vault XP
 C = Vault XP percentage of total XP
 D = Non-vault monster count
 E = Vault monster count
 F = Vault count percentage of total count
                 A         B        C        D         E       F
            +---------+---------+-------+---------+---------+-------
      Total |      66 |       0 |   0.0 |      25 |       0 |   0.0
            +---------+---------+-------+---------+---------+-------
        D:1 |      42 |       0 |   0.0 |      18 |       0 |   0.0
        D:2 |      24 |       0 |   0.0 |       7 |       0 |   0.0
            +---------+---------+-------+---------+---------+-------
